 Dungeon Crawl Stone Soup version 0.26.0-10-g1f06aea511 (webtiles) character file.

Game seed: 12709149835712948661

11842 Dirian the Severer (level 11, -4/97 HPs)
             Began as a Hill Orc Fighter on Jan 17, 2021.
             Was an Elder of Beogh.
             Slain by Jorgrun
             ... wielding a +0 vorpal quarterstaff
              (7 damage)
             ... while petrified by Jorgrun
             ... on level 12 of the Dungeon.
             The game lasted 00:16:02 (11415 turns).

Dirian the Severer (Hill Orc Fighter)              Turns: 11415, Time: 00:16:03

Health: -4/97      AC: 20    Str: 23    XL:     11   Next: 84%
Magic:  11/11      EV: -1    Int:  8    God:    Beogh [****..]
Gold:   523        SH:  0    Dex: 10    Spells: 10/10 levels left

rFire    . . .     SeeInvis +   a - +5 war axe (vorpal)
rCold    . . .     Faith    .   c - +1 kite shield
rNeg     + + +     Spirit   .   k - +0 plate armour
rPois    ∞         Reflect  +   D - +0 helmet
rElec    .         Harm     .   u - +0 cloak
rCorr    +         Rampage  .   (no gloves)
Will     .....                  d - +2 pair of boots
Stlth    ..........             o - amulet of reflection
HPRegen  0.26/turn              l - ring of see invisible
MPRegen  0.12/turn              i - ring of resist corrosion

@: petrified, grasped by roots, very slightly contaminated, constricted,
studying Polearms
A: no striking features
a: Renounce Religion, Smiting, Recall Orcish Followers


You were on level 12 of the Dungeon.
You worshipped Beogh.
Beogh was greatly pleased with you.
You visited 1 branch of the dungeon, and saw 12 of its levels.

You collected 523 gold pieces.

Inventory:

Hand Weapons
 a - a +5 vorpal war axe (weapon)
 b - a +3 scimitar of flaming
 v - a +2 broad axe
Armour
 c - a +1 kite shield (worn)
 d - a +2 pair of boots (worn)
 k - a +0 plate armour (worn)
 u - a +0 cloak (worn)
 D - a +0 helmet (worn)
Jewellery
 i - a ring of resist corrosion (right hand)
 l - a ring of see invisible (left hand)
 o - an amulet of reflection (around neck)
 y - an uncursed ring of flight
Wands
 f - a wand of acid (5)
Scrolls
 e - 2 scrolls of enchant armour
 t - a scroll of teleportation
 x - 4 scrolls of remove curse
 z - 2 scrolls of blinking
 B - 2 scrolls of immolation
 E - a scroll of summoning
Potions
 g - 2 potions of lignification
 h - a potion of haste
 j - 5 potions of flight
 m - a potion of ambrosia
 n - 2 potions of resistance
 p - a potion of invisibility
 q - 10 potions of curing
 s - 2 potions of attraction
 w - 3 potions of heal wounds
 C - a potion of cancellation {unknown}
Books
 G - a manual of Polearms


   Skills:
 + Level 9.6 Fighting
 + Level 15.3 Axes
 + Level 9.3 Armour
 + Level 10.1 Shields


You had 10 spell levels left.
You didn't know any spells.
Your spell library contained the following spells:

 Spells                   Type           Power        Failure   Level
 Corona                   Hex            0%           100%        1
 Magic Dart               Conj           0%           100%        1
 Ensorcelled Hibernation  Hex/Ice        0%           100%        2
 Searing Ray              Conj           0%           100%        2
 Confusing Touch          Hex            0%           100%        3
 Dazzling Flash           Conj/Hex       0%           100%        3
 Tukima's Dance           Hex            0%           100%        3
 Fulminant Prism          Conj/Hex       0%           100%        4
 Iskenderun's Mystic Bla  Conj/Tloc      0%           100%        4


Dungeon Overview and Level Annotations

Branches:
Dungeon (12/15)            Temple (0/1) D:6            Lair (0/6) D:9
    Orc: D:9-12

Altars:
Cheibriados
Fedhas
Nemelex Xobeh
Qazlal
Trog
Vehumet
Zin
The Shining One

Shops:
D:7 *:

Portals:
Bailey: D:12

Annotations:
D:12 Jorgrun


Message History

Jorgrun points at you and mumbles some strange words.
The iron shot hits you!!!
* * * LOW HITPOINT WARNING * * *
Your orc throws a boomerang.
The boomerang hits Jorgrun but does no damage.
The weapon returns to your orc!
Jorgrun says, "A few more walls knocked out 'ere an' thar an' 'tis whole place will come crashin' down."
Jorgrun gestures at you while chanting.
You struggle to resist.
The goblin closely misses your orc.
An orc priest comes into view. It is wielding a +0 short sword.
Jorgrun hits you with a +0 vorpal quarterstaff!
* * * LOW HITPOINT WARNING * * *
x2 Your orc throws a boomerang.
The boomerang hits Jorgrun.
The weapon returns to your orc!
The goblin hits your orc but does no damage.
Your orc closely misses the goblin.
Jorgrun gestures at you while chanting.
Roots burst forth from the earth!
The grasping roots grab you!
You die...

..#.# #..
...............
#.#.# #..
#######.#######
#'#.# #..
#..<...........
...?# #..
#.###...#####..
....# #..
#.........#
...$#
#.#....##.#
....# #.#....#
....#.#
#.#.#...#.##
........
.....)g@..#
<.######
.≈≈≈≈)≈≈..# #.#
.≈####≈≈o.# ..#
. #o≈..# ..#+##
g≈u..# ......
.)≈≈..# ......
.'≈o... ......
∩.#≈≈.### ..#+


You could see Jorgrun, a white ugly thing, an orc warrior, an orc priest, a
goblin and a friendly orc.

Vanquished Creatures
  3 two-headed ogres
  3 ugly things
  A manticore (D:11)
  Maggie (D:6)
  Psyche (D:9)
  An efreet (D:11)
  2 trolls
  A shadow (D:11)
  2 wyverns (D:9)
  14 yaks
  A steam dragon (D:9)
  Edmund (D:6)
  2 ice beasts
  An eye of draining (D:11)
  An orc warrior (D:8)
  A black bear (D:8)
  A phantom (D:8)
  2 centaurs
  3 ogres
  A big kobold (D:9)
  9 bullfrogs
  A wyvern zombie (D:11)
  A wyvern skeleton (D:7)
  7 scorpions
  5 killer bees (D:10)
  3 wights (D:12)
  2 bullfrog zombies
  4 hounds
  13 orc wizards
  A quasit (D:6)
  6 orc priests
  3 jellies
  3 bullfrog skeletons
  4 centaur skeletons
  3 iguanas
  4 worker ants
  3 hound zombies
  2 hound skeletons
  A howler monkey zombie (D:11)
  A worker ant zombie (D:10)
  4 gnolls (D:3)
  6 adders
  2 white imps
  2 ufetubi
  An ooze (D:2)
  11 worms
  5 dart slugs
  4 leopard geckos
  31 orcs
  6 giant cockroaches
  7 goblins
  9 hobgoblins
  3 jackals (D:4)
  8 quokkas
  2 ball pythons
  3 bats
  3 frilled lizards
  15 kobolds
  A leopard gecko skeleton (D:6)
  13 rats
255 creatures vanquished.

Vanquished Creatures (collateral kills)
  2 goblins (D:12)
2 creatures vanquished.

Vanquished Creatures (others)
  Sonja (D:11)
  2 orc priests (D:12)
  An orc (D:12)
4 creatures vanquished.

Grand Total: 261 creatures vanquished

Notes
Turn   | Place    | Note
-------+----------+-------------------------------------------
     0 | D:1      | Dirian the Hill Orc Fighter began the quest for the Orb.
     0 | D:1      | Reached XP level 1. HP: 19/19 MP: 1/1
   147 | D:1      | Reached XP level 2. HP: 24/27 MP: 2/2
   291 | D:1      | Reached skill level 3 in Axes
   456 | D:1      | Reached XP level 3. HP: 33/33 MP: 3/3
  1033 | D:2      | Found a snail-covered altar of Cheibriados.
  1150 | D:2      | Reached XP level 4. HP: 34/40 MP: 4/4
  1152 | D:2      | Reached skill level 4 in Axes
  1194 | D:2      | Found a glowing silver altar of Zin.
  1920 | D:2      | Reached XP level 5. HP: 25/47 MP: 5/5
  2595 | D:3      | Found a faded altar of an unknown god.
  2616 | D:3      | Reached skill level 5 in Axes
  3223 | D:3      | Reached XP level 6. HP: 16/53 MP: 6/6
  3467 | D:4      | Reached skill level 6 in Axes
  3474 | D:4      | Reached skill level 5 in Fighting
  4090 | D:4      | Reached XP level 7. HP: 61/61 MP: 7/7
  4783 | D:5      | Entered Level 5 of the Dungeon
  4808 | D:5      | Reached skill level 7 in Axes
  5009 | D:5      | Reached skill level 5 in Shields
  5053 | D:5      | Reached skill level 5 in Armour
  5197 | D:5      | Found a stormy altar of Qazlal.
  5273 | D:5      | Found a sparkling altar of Nemelex Xobeh.
  5417 | D:5      | Became a worshipper of Beogh the Brigand
  5861 | D:6      | Noticed Edmund
  5876 | D:6      | Killed Edmund
  5877 | D:6      | Reached skill level 8 in Axes
  5877 | D:6      | Reached XP level 8. HP: 57/69 MP: 8/8
  5979 | D:6      | Noticed Maggie
  5995 | D:6      | Killed Maggie
  6177 | D:6      | Reached skill level 9 in Axes
  6271 | D:6      | Reached * piety under Beogh
  6374 | D:6      | Found a staircase to the Ecumenical Temple.
  6504 | D:6      | Found a radiant altar of Vehumet.
  6505 | D:6      | Found a glowing golden altar of the Shining One.
  6564 | D:6      | Got a crude robe
  6611 | D:6      | Identified the +0 robe "Orukeu" {Will+} (You found it on
                  | level 6 of the Dungeon)
  6641 | D:7      | Reached XP level 9. HP: 37/77 MP: 9/9
  6646 | D:7      | Reached skill level 10 in Axes
  6953 | D:7      | Found Pelik's General Store.
  7136 | D:7      | Reached ** piety under Beogh
  7151 | D:7      | Found Wanell's Book Boutique.
  7778 | D:8      | Noticed a two-headed ogre
  7792 | D:8      | Killed a two-headed ogre
  7793 | D:8      | Reached skill level 11 in Axes
  8044 | D:8      | Reached skill level 12 in Axes
  8044 | D:8      | Reached XP level 10. HP: 54/86 MP: 10/10
  8562 | D:9      | Found a staircase to the Lair.
  8643 | D:9      | Noticed a white ugly thing
  8658 | D:9      | Killed a white ugly thing
  8666 | D:9      | Reached skill level 13 in Axes
  9022 | D:9      | Noticed a two-headed ogre
  9033 | D:9      | Killed a two-headed ogre
  9351 | D:9      | Noticed Psyche
  9356 | D:9      | Killed Psyche
  9517 | D:9      | Found a bloodstained altar of Trog.
  9622 | D:9      | Reached *** piety under Beogh
  9681 | D:9      | Got a crude leather armour
  9704 | D:9      | Got a scorched mace
  9705 | D:9      | Identified the +6 mace of Ragnarok {chaos, Will+ Dex+5}
                  | (You found it on level 9 of the Dungeon)
  9717 | D:9      | Identified the +1 leather armour "Seyra" {Int+4} (You found
                  | it on level 9 of the Dungeon)
  9756 | D:10     | Entered Level 10 of the Dungeon
  9810 | D:10     | Reached skill level 14 in Axes
  9810 | D:10     | Reached XP level 11. HP: 95/95 MP: 11/11
 10116 | D:10     | Found a blossoming altar of Fedhas.
 10558 | D:11     | Noticed a two-headed ogre
 10565 | D:11     | Killed a two-headed ogre
 10599 | D:11     | Noticed Sonja
 10608 | D:11     | Killed Sonja
 10637 | D:11     | Noticed a green ugly thing
 10644 | D:11     | Killed a green ugly thing
 10752 | D:11     | Noticed a white ugly thing
 10777 | D:11     | Killed a white ugly thing
 10778 | D:11     | Reached skill level 15 in Axes
 10778 | D:11     | Reached skill level 10 in Shields
 10990 | D:11     | Noticed a manticore
 10995 | D:11     | Killed a manticore
 10995 | D:11     | Reached **** piety under Beogh
 11376 | D:12     | Noticed Jorgrun
 11403 | D:12     | Found a flagged portal.
 11412 | D:12     | Noticed a white ugly thing
 11414 | D:12     | HP: 4/97 [Jorgrun/+0 vorpal quarterstaff (7)]
 11415 | D:12     | Slain by Jorgrun

Illustrated notes

Levels and vault maps discovered:
D:1:      dpeg_chamrin_arrival_tetris, layout_loops_ring,
          minmay_rat_gold_closets
D:2:      layout_loops_cross, overflow_temple_1_default, lemuel_round_altar,
          grunt_decor_cap
D:3:      layout_rooms, chequers_ecumenical_altar_simple_redux,
          minmay_pentomino_pile
D:4:      layout_layer_cave, minivault_26
D:5:      layout_basic, nemelex_xobeh_ov_fountains_minmay, lemuel_crystal_altar,
          serial_co_window_serial, co_window_corner_a, co_window_corner_a,
          co_window_corner_a, co_window_paths_a, co_window_of_opportunity_a,
          co_window_of_opportunity_a, co_window_of_opportunity_a,
          co_window_paths_a, co_window_paths_a, co_window_2corner,
          co_window_corner_b, co_window_of_opportunity_c, co_window_paths_c,
          co_window_paths_d, glass_columns_c, glass_columns_a
D:6:      layout_cave_pools, gammafunk_temple_overflow_statue,
          minmay_temple_entry_mini_moons, roderic_roman_lattice, uniq_edmund,
          uniq_maggie
D:7:      layout_loops_cross, serial_shops, shop, nicolae_shop_crystal
D:8:      layout_rooms, grunt_ministairs_15
D:9:      layout_loops_cross, lemuel_round_altar, lair_entry_dummy, uniq_psyche
D:10:     layout_stronghold, fedhas_altar_1
D:11:     layout_gridville, library_closet, uniq_sonja
D:12:     layout_basic, david_orc_3, enter_bailey_4,
          nrook_guardian_serpent_ordinary, uniq_josephine, uniq_jorgrun

Skill      XL: |  1  2  3  4  5  6  7  8  9 10 11 |
---------------+----------------------------------+-----
Axes           | 3 4 5 6 8 9 12 14 15 | 15.3
Fighting       | 4 5 6 7 8 9 |  9.6
Armour         | 4 5 6 7 8 9 |  9.3
Shields        | 4 5 6 7 9 10 | 10.1

Action                   |  1- 3 |  4- 6 |  7- 9 | 10-12 || total
-------------------------+-------+-------+-------+-------++-------
Melee: War axe           |    96 |   192 |   228 |   270 ||   786
Invok: Convert to Beogh  |       |       |     1 |       ||     1
  Use: Scroll            |       |     8 |    13 |     6 ||    27
       Potion            |       |       |       |     3 ||     3
 Stab: Invisible         |       |       |       |     1 ||     1
Armor: Scale mail        |    40 |    61 |       |       ||   101
       Chain mail        |       |    18 |    57 |    18 ||    93
       Plate armour      |       |       |       |    56 ||    56
Dodge: Dodged            |    28 |    40 |    36 |    25 ||   129
Block: Kite shield       |    34 |   114 |   147 |   180 ||   475
       Reflection        |       |       |     5 |    13 ||    18
